 Dungeon Crawl Stone Soup version 0.21.1-1-g345015fe64 (webtiles) character file.

1180 Gargoyl the Covered (level 8, -9/67 HPs)
             Began as a Centaur Abyssal Knight on June 7, 2018.
             Was a Believer of Lugonu.
             Mangled by a gnoll
             ... wielding a +0 halberd
              (10 damage)
             ... on level 6 of the Dungeon.
             The game lasted 00:09:10 (6555 turns).

Gargoyl the Covered (Centaur Abyssal Knight)        Turns: 6555, Time: 00:09:11

Health: -9/67      AC: 14    Str: 19    XL:     8   Next: 18%
Magic:  11/11      EV:  3    Int: 11    God:    Lugonu [**....]
Gold:   327        SH:  0    Dex: 10    Spells: 7/7 levels left

rFire    . . .     SeeInvis .   k - +0 war axe
rCold    . . .     Gourm    .   (no shield)
rNeg     + . .     Faith    .   g - +0 chain mail
rPois    .         Spirit   .   q - +1 helmet
rElec    .         Reflect  .   (no cloak)
rCorr    .         Harm     .   j - +2 pair of gloves
MR       .....                  (no barding)
Stlth    ..........             (no amulet)
HPRegen  0.21/turn              d - ring of positive energy
MPRegen  0.12/turn              (no ring)

@: mighty, held, very quick
A: large, hooves 3, clumsy 1, deformed body, speed 2, tough skin 3
a: Depart the Abyss, Bend Space, Renounce Religion


You were on level 6 of the Dungeon.
You worshipped Lugonu.
Lugonu was pleased with you.
You were not hungry.

You visited 1 branch of the dungeon, and saw 6 of its levels.
You visited the Abyss 1 time.

You collected 327 gold pieces.

Inventory:

Hand Weapons
 a - a +1 hand axe
 k - a +0 war axe (weapon)
Missiles
 h - 8 tomahawks (quivered)
Armour
 g - a +0 chain mail (worn)
 j - a +2 pair of gloves (worn)
 q - a +1 helmet (worn)
Jewellery
 d - a ring of positive energy (left hand)
Scrolls
 b - a scroll of remove curse
 i - 2 scrolls of identify
 l - a scroll of teleportation
 n - 2 scrolls of amnesia
Potions
 f - a potion of flight
 m - a potion of curing
 p - 2 potions of cancellation
Books
 e - a book of Minor Magic

   Spells                             Type                      Level
   a - Magic Dart                     Conjuration                  1
   b - Blink                          Translocation                2
   c - Call Imp                       Summoning                    2
   d - Slow                           Hexes                        2
   e - Conjure Flame                  Conjuration/Fire             3
   f - Mephitic Cloud                 Conjuration/Poison/Air       3
Comestibles
 c - 7 rations


   Skills:
 + Level 4.7 Fighting
 + Level 4.8 Axes
 * Level 4.8 Armour
 + Level 1.5 Dodging
 * Level 4.5 Invocations


You had 7 spell levels left.
You didn't know any spells.

Dungeon Overview and Level Annotations

Branches:
Dungeon (6/15)
 Temple: D:4-7

Altars:
Fedhas
Qazlal
Trog
Uskayaw


Innate Abilities, Weirdness & Mutations

You have hooves in place of feet.
Armour fits poorly on your strangely shaped body.
You cover ground very quickly.
You have extremely tough skin. (AC +3)
You are clumsy. (Dex -2)


Message History

You closely miss the orc warrior. The gnoll hits you but does no damage.
The orc warrior hits you but does no damage.
The orc warrior barely misses you.
Unknown command.
You hit the gnoll.
You kill the gnoll!
Lugonu accepts your kill.
You closely miss the orc warrior.
The orc warrior hits you with a short sword!
* * * LOW HITPOINT WARNING * * *
Unknown command.
You see here a halberd. 2 gnolls come into view.
The gnoll shouts! x2
The gnoll throws a throwing net.
The throwing net hits you.
You become entangled in the net!
The gnoll hits you with a halberd.
* * * LOW HITPOINT WARNING * * *
You see here a throwing net.
You struggle against the net.
The gnoll hits you with a halberd!
You die...

#..##.. #..##.#
#####.# #..##.#
...... #...#.#
#....#
#.#.#.#.##....#
#.#...#.##....#
#.##..#.##....#
#.....#.##..gg#
####..#.##..@.#
##.#.##....#
#.#.#####o##
#.....##...#
#......#)..#
#......)[..#
#....####..#
........#((#......
.####._.#..#......


You could see an orc warrior and 2 gnolls.

Vanquished Creatures
  The ghost of Buffaloe the Cleaver, a novice HOMo (D:5)
  An ogre (D:4)
  The ghost of Lynan the Shield-Bearer, an amateur HuFi (D:3)
  A bullfrog (D:6)
  A scorpion (D:4)
  The ghost of JOKERXD40 the Slasher, a weakling HOMo (D:4)
  An orc priest (D:4)
  A hound (D:5)
  3 orc wizards
  A centaur zombie (D:5)
  Jessica (D:2)
  An iguana (D:5)
  6 worker ants
  A hound skeleton (D:4)
  A gnoll (D:6)
  2 adders
  A shadow imp (D:5)
  An ooze (D:1)
  A worm (D:4)
  A dart slug (D:1)
  15 orcs
  8 bats
  2 giant cockroaches
  5 goblins
  10 hobgoblins
  12 jackals
  A quokka (D:3)
  4 ball pythons
  7 frilled lizards
  A jackal skeleton (D:4)
  5 kobolds
  6 rats
104 creatures vanquished.

Notes
Turn   | Place    | Note
-------+----------+-------------------------------------------
     0 | Abyss:1  | Gargoyl the Centaur Abyssal Knight began the quest for the Orb.
     0 | Abyss:1  | Reached XP level 1. HP: 19/19 MP: 2/2
    28 | Abyss:1  | Noticed a quasit
    41 | Abyss:1  | Noticed a neqoxec
    46 | Abyss:1  | Noticed a crimson imp
    61 | Abyss:1  | Noticed an ancient zyme
    76 | Abyss:1  | Noticed a neqoxec
    78 | Abyss:1  | Noticed a neqoxec
    80 | Abyss:1  | Noticed a starcursed mass
    82 | Abyss:1  | Gained mutation: You are clumsy. (Dex -2) [a neqoxec]
    83 | D:1      | Escaped the Abyss
   102 | D:1      | Reached * piety under Lugonu
   260 | D:1      | Reached XP level 2. HP: 26/26 MP: 3/3
   765 | D:1      | Reached XP level 3. HP: 28/31 MP: 4/4
  1401 | D:2      | Reached skill level 1 in Dodging
  1404 | D:2      | Reached XP level 4. HP: 28/40 MP: 5/5
  1711 | D:2      | Found a faded altar of an unknown god.
  1835 | D:2      | Noticed Jessica
  1841 | D:2      | Killed Jessica
  2215 | D:3      | Reached ** piety under Lugonu
  2251 | D:3      | Reached XP level 5. HP: 39/46 MP: 7/7
  2308 | D:3      | Found a blossoming altar of Fedhas.
  2312 | D:3      | Found a stormy altar of Qazlal.
  2655 | D:3      | Noticed Lynan's ghost (amateur HuFi)
  2672 | D:3      | Killed Lynan's ghost
  2975 | D:4      | Reached XP level 6. HP: 52/52 MP: 8/8
  3427 | D:4      | Noticed JOKERXD40's ghost (weakling HOMo)
  3452 | D:4      | Killed JOKERXD40's ghost
  3953 | D:4      | Reached XP level 7. HP: 54/59 MP: 9/9
  4743 | D:5      | Entered Level 5 of the Dungeon
  4804 | D:5      | Noticed Buffaloe's ghost (novice HOMo)
  4827 | D:5      | Killed Buffaloe's ghost
  5247 | D:5      | Reached XP level 8. HP: 66/67 MP: 11/11
  5326 | D:5      | Found a bloodstained altar of Trog.
  6462 | D:6      | Noticed a dagger
  6463 | D:6      | Found a hide-covered altar of Uskayaw.
  6468 | D:6      | Noticed a dagger
  6549 | D:6      | HP: 2/67 [orc warrior/short sword (8)]
  6554 | D:6      | HP: 1/67 [gnoll/halberd (2)]
  6555 | D:6      | Mangled by a gnoll

Skill      XL: |  1  2  3  4  5  6  7 |
---------------+----------------------+-----
Axes           | 2 3 4 |  4.8
Armour         | 2 3 4 |  4.8
Dodging        | 1 |  1.5
Invocations    | 3 4 |  4.5
Fighting       | 4 |  4.7

Action                   |  1- 3 |  4- 6 |  7- 9 || total
-------------------------+-------+-------+-------++-------
Melee: Hand axe          |    77 |   192 |    32 ||   301
       Kick              |    11 |    33 |    22 ||    66
       War axe           |       |       |    91 ||    91
Throw: Tomahawk          |       |     3 |       ||     3
Invok: Depart the Abyss  |     1 |       |       ||     1
       Bend Space        |       |       |     1 ||     1
  Use: Potion            |     3 |     3 |     3 ||     9
       Scroll            |     1 |     5 |     3 ||     9
  Eat: Chunk             |       |     5 |     4 ||     9
       Ration            |       |     1 |     1 ||     2
Armor: Leather armour    |    41 |       |       ||    41
       Chain mail        |    13 |   199 |    97 ||   309
Dodge: Dodged            |    37 |    64 |    28 ||   129
